 Seeded DCSS version 0.25-a0-1126-g5fd7b56 (webtiles) character file.

Game seed: 8390716998109386064, levelgen mode: deterministic

1193 thesequoiad the Vexing (level 8, -3/59 HPs)
             Began as a Human Arcane Marksman on May 18, 2020.
             Slain by a wight
             ... wielding a cursed +4 flail
              (5 damage)
             ... on level 5 of the Dungeon.
             The game lasted 00:39:11 (8267 turns).

thesequoiad the Vexing (Human Arcane Marksman)      Turns: 8267, Time: 00:39:11

Health: -3/59      AC:  5    Str: 12    XL:     8   Next: 71%
Magic:  13/13      EV: 11    Int: 14    God:
Gold:   256        SH:  5    Dex: 14    Spells: 9/13 levels left

rFire    . . .     SeeInvis .   b - +0 rapier
rCold    . . .     Gourm    .   g - +1 buckler
rNeg     . . .     Faith    .   j - +0 leather armour
rPois    .         Spirit   .   s - +0 helmet
rElec    .         Reflect  .   (no cloak)
rCorr    .         Harm     .   (no gloves)
MR       .....                  c - +0 pair of boots
Stlth    +.........             (no amulet)
HPRegen  0.19/turn              (no ring)
MPRegen  0.13/turn              (no ring)

@: studying Short Blades, very heavily drained, invisible
A: no striking features
a: no special abilities


You were on level 5 of the Dungeon.
You were not hungry.

You visited 2 branches of the dungeon, and saw 7 of its levels.

You collected 256 gold pieces.

Inventory:

Hand Weapons
 a - a +1 hand crossbow
 b - a +0 rapier (weapon)
 h - a +0 dagger
 y - a +0 short sword
 E - a +0 trident
 K - a +4 short sword of protection
Missiles
 d - 13 bolts
 i - 185 stones (quivered)
 r - 7 boomerangs
 t - 20 sling bullets
 x - 11 poisoned darts
Armour
 c - a +0 pair of boots (worn)
 g - a +1 buckler (worn)
 j - a +0 leather armour (worn)
 s - a +0 helmet (worn)
 F - a +0 kite shield
Wands
 I - a wand of random effects (10)
Scrolls
 e - 4 scrolls of enchant armour
 k - 4 scrolls of teleportation
 p - a scroll of magic mapping
 u - a scroll of remove curse
 G - a scroll of immolation
 H - a scroll of fog
 J - a scroll of random uselessness {unknown}
Potions
 n - 3 potions of curing
 o - 2 potions of invisibility
 q - a potion of might
 v - 2 potions of flight
 B - a potion of berserk rage {unknown}
 D - a potion of resistance {unknown}
Books
 C - a manual of Short Blades
Comestibles
 f - 9 rations
 m - 2 chunks of flesh


   Skills:
 + Level 3.6(0.7) Fighting
 + Level 4.0(1.1) Crossbows
 + Level 4.0(1.1) Dodging
 - Level 4.0(1.0) Shields
 + Level 3.3(0.5) Spellcasting
 + Level 4.7(1.8) Hexes
 + Level 3.0(0.1) Fire Magic


You had 9 spell levels left.
You knew the following spells:

 Your Spells              Type           Power        Failure   Level  Hunger
a - Corona                Hex            #......      26%         1    ##.....
b - Inner Flame           Hex/Fire       #.......     71%         3    ####...

Your spell library contained the following spells:

 Spells                   Type           Power        Failure   Level  Hunger
 Slow                     Hex            #.......     36%         2    ###....
 Portal Projectile        Hex/Tloc       #.....       73%         3    ####...
 Cause Fear               Hex            #.........   94%         4    #####..
 Leda's Liquefaction      Hex/Erth       #.........   98%         4    #####..


Dungeon Overview and Level Annotations

Branches:
Dungeon (6/15)             Temple (1/1) D:5

Altars:
Ashenzari
Cheibriados
Dithmenos
Elyvilon
Fedhas
Gozag
Hepliaklqana
Kikubaaqudgha
Makhleb
Nemelex Xobeh
Qazlal
Ru
Sif Muna
Trog
Vehumet
Xom
Yredelemnul
Zin
The Shining One

Shops:
D:6 (

Annotations:
D:6 Prince Ribbit


Message History

You closely miss the wight. The wight misses you.
You hit the wight but do no damage.
The wight hits you with a cursed +4 flail!
* * * LOW HITPOINT WARNING * * *
You feel drained.
* * * LOW HITPOINT WARNING * * *
You hit the wight but do no damage. The wight barely misses you.
You hit the wight but do no damage.
The wight hits you with a cursed +4 flail.
* * * LOW HITPOINT WARNING * * *
The wight stops glowing.
There is an open door here.
Press: ? - help, v - describe, . - travel
Here: a wight, wielding a +4 flail and wearing a +0 ring mail The floor.
You fade into invisibility!
The wight hits you with a cursed +4 flail!
* * * LOW HITPOINT WARNING * * *
You feel drained.
You die...

#..............##.#.#......#.#..
#........#'#+#..#.#.##.##.##.##.
#........#.#.#.........##..#.##.
#........#.#.##.#.#.#......#.##.
#........#.#....#.#.#...##...##.
#........#.######.#.#....#...##.
#........#.# #.#.#.####...###
#........#.######.#.#........#
##########....z@....#######..#
##############............#
#........^...............>#
#.######################### #.#
#.....# #.########.###.#
#...........##.# #######
#...........##.# #......
#...........##.# #......


You could see a wight.

Vanquished Creatures
  Menkaure (D:5)
  An ogre (D:4)
  3 centaurs
  2 bullfrogs
  2 wights (D:6)
  A howler monkey (D:5)
  An orc priest (D:3)
  A hound (D:5)
  An iguana (D:4)
  2 orc wizards
  3 worker ants
  A hound zombie (D:5)
  A hound skeleton (D:5)
  A worker ant zombie (D:5)
  Robin (D:2)
  12 adders
  An ooze (D:4)
  An adder skeleton (D:5)
  2 worms (D:2)
  2 dart slugs
  4 leopard geckos
  10 orcs
  8 giant cockroaches
  16 goblins
  7 hobgoblins
  3 jackals (D:5)
  7 kobolds
  A quokka (D:6)
  4 ball pythons
  3 bats
  4 frilled lizards
  A jackal skeleton (D:5)
  A quokka skeleton (D:4)
  4 rats
113 creatures vanquished.

Notes
Turn   | Place    | Note
-------+----------+-------------------------------------------
     0 | D:1      | thesequoiad the Human Arcane Marksman began the quest for
                  | the Orb.
     0 | D:1      | Reached XP level 1. HP: 15/15 MP: 2/2
   123 | D:1      | Reached XP level 2. HP: 21/21 MP: 1/3
   561 | D:2      | Noticed Robin
   811 | D:1      | Found a snail-covered altar of Cheibriados.
   876 | D:2      | Reached XP level 3. HP: 26/26 MP: 2/5
  1091 | D:2      | Reached XP level 4. HP: 33/33 MP: 3/6
  1447 | D:2      | Killed Robin
  1817 | D:2      | Reached skill level 1 in Shields
  2170 | D:2      | Reached XP level 5. HP: 31/38 MP: 4/7
  2497 | D:2      | Learned a level 3 spell: Inner Flame
  2558 | D:3      | Noticed a bullfrog
  2585 | D:3      | Killed a bullfrog
  2864 | D:3      | Reached XP level 6. HP: 38/44 MP: 6/9
  3166 | D:3      | Found a shadowy altar of Dithmenos.
  3178 | D:3      | Reached skill level 1 in Fire Magic
  3802 | D:3      | Found a stormy altar of Qazlal.
  4496 | D:4      | Noticed an ogre
  4680 | D:4      | Reached XP level 7. HP: 46/51 MP: 10/10
  5631 | D:5      | Entered Level 5 of the Dungeon
  6369 | D:5      | Found a staircase to the Ecumenical Temple.
  6389 | Temple   | Entered the Ecumenical Temple
  6645 | D:5      | Noticed Menkaure
  6652 | D:5      | Killed Menkaure
  6652 | D:5      | Reached XP level 8. HP: 23/58 MP: 12/12
  7503 | D:6      | Found Wecoit's Antique Weapon Shoppe.
  8157 | D:6      | Noticed Prince Ribbit
  8267 | D:5      | HP: 2/59 [wight/cursed +4 flail (13)]
  8267 | D:5      | Slain by a wight

Illustrated notes

Levels and vault maps discovered:
D:1:      dpeg_arrival_water_altar, layout_rooms, minmay_misc_feat_five
D:2:      layout_loops_ring, first_ration, nrook_mini_vaults, uniq_robin
D:3:      layout_loops_ring, nicolae_dithmenos_shadow_blocks,
          grunt_qazlal_sundering
D:4:      layout_layer_cave, minmay_misc_feat_pillars
D:5:      layout_basic, minmay_temple_entry_statues, minmay_manual_moon,
          uniq_menkaure
D:6:      layout_basic, gammafunk_temple_overflow_wave, serial_shops, shop,
          uniq_prince_ribbit1
Temple:   dpeg_five_rooms_temple

Skill      XL: |  1  2  3  4  5  6  7  8 |
---------------+-------------------------+-----
Shields        | 1 2 3 4 |  4.0
Fighting       | 2 3 |  3.6
Spellcasting   | 2 3 |  3.3
Fire Magic     | 1 2 3 |  3.0
Crossbows      | 3 4 |  4.0
Dodging        | 3 4 |  4.0
Hexes          | 4 |  4.7

Action                   |  1- 3 |  4- 6 |  7- 9 || total
-------------------------+-------+-------+-------++-------
Melee: Short sword       |     1 |    83 |     3 ||    87
       Rapier            |       |       |   163 ||   163
 Fire: Hand crossbow     |    47 |   132 |    18 ||   197
Throw: Stone             |       |     6 |     4 ||    10
 Cast: Corona            |    30 |    46 |    28 ||   104
       Inner Flame       |       |       |     2 ||     2
Evoke: Wand              |       |       |    12 ||    12
  Use: Scroll            |       |     9 |     5 ||    14
       Potion            |       |       |     2 ||     2
  Eat: Chunk             |     1 |    13 |     6 ||    20
       Ration            |       |       |     2 ||     2
Armor: Robe              |     4 |     9 |       ||    13
       Leather armour    |       |    39 |    37 ||    76
Dodge: Dodged            |    19 |    91 |   114 ||   224
Block: Buckler           |       |    40 |    44 ||    84

Table legend:
 A = Non-vault XP
 B = Vault XP
 C = Vault XP percentage of total XP
 D = Non-vault monster count
 E = Vault monster count
 F = Vault count percentage of total count
                 A         B        C        D         E       F
            +---------+---------+-------+---------+---------+-------
      Total |    1264 |     441 |  25.9 |      95 |      18 |  15.9
            +---------+---------+-------+---------+---------+-------
        D:1 |      24 |       3 |  11.1 |      13 |       2 |  13.3
        D:2 |      92 |      30 |  24.6 |      23 |      10 |  30.3
        D:3 |     246 |       0 |   0.0 |      27 |       0 |   0.0
        D:4 |     250 |       0 |   0.0 |       8 |       0 |   0.0
        D:5 |     156 |     408 |  72.3 |      16 |       6 |  27.3
        D:6 |     496 |       0 |   0.0 |       8 |       0 |   0.0
            +---------+---------+-------+---------+---------+-------
